Map: Lerilak Crest

Players

WakaWaka - Winner!

  • Race: Zerg Zerg
  • League: Grandmaster

wabbajack

  • Race: Zerg Zerg
  • League: Grandmaster

VOD

Have the link to the VOD?

Description

Time

  • Played on: July 15, 2015, 2:14 p.m.
  • Length: 6:26
Show
View Real Time Build Order
Export as new Build Order

WakaWaka Zerg - Winner!

Build Orders: Hatch First 

Get SALT Encoding   

  12  0:01  Drone  
  13  0:08  Drone  
  14  0:18  Overlord  
  14  0:26  Drone, Extractor  
  14  0:29  Drone, Extractor  
  16  0:37  Drone  
  17  0:45  Drone  
  18  0:57  Hatchery  
  18  1:00  Drone  
  18  1:15  Drone, Spawning Pool  
  18  1:19  Drone  
  18  1:22  Extractor  
  18  1:27  Drone  
  19  1:38  Drone  
  20  1:48  Overlord  
  20  2:03  Zergling x2  
  20  2:06  Queen  
  23  2:08  Queen  
  23  2:10  Drone x2  
  27  2:22  Overlord  
  27  2:23  Drone  
  27  2:24  Metabolic Boost  
  28  2:30  Drone  
  28  2:31  Drone, Spine Crawler  
  29  2:44  Drone x2  
  31  2:54  Drone  
  31  2:56  Drone, Baneling Nest  
  32  3:04  Drone x2  
  33  3:17  Drone  
  33  3:18  Drone x6  
  33  3:19  Drone x2  
  42  3:20  Overlord  
  42  3:25  Lair  
  42  3:29  Drone  
  42  3:32  Extractor  
  42  3:33  Drone  
  43  3:37  Extractor  
  43  3:38  Overlord  
  42  3:43  Roach Warren  
  42  3:46  Zergling x2  
  42  3:47  Zergling x4  
  44  3:50  Zergling x4  
  44  3:54  Zergling x4  
  48  3:59  Zergling x4  
  48  4:00  Zergling x2  
  51  4:05  Baneling x3  
  51  4:10  Drone  
  52  4:18  Overlord  
  52  4:22  Drone  
  45  4:40  Roach x4  
  53  4:47  Roach x4  
  53  4:50  Roach x3  
  65  4:53  Drone  
  65  4:56  Glial Reconstitution  
  66  5:01  Baneling x2  
  66  5:04  Baneling  
  66  5:08  Baneling  
  66  5:09  Drone  
  67  5:19  Overlord x2  
  67  5:33  Baneling x7  
  67  5:35  Baneling  
  67  5:37  Overlord  
  67  5:38  Drone x5  
  67  5:39  Drone x4, Extractor  
  75  5:43  Drone  
  75  5:48  Drone  
  77  5:54  Evolution Chamber  
Show
View Real Time Build Order
Export as new Build Order

wabbajack Zerg 

Build Orders: Hatch First 

Get SALT Encoding   

  12  0:01  Drone  
  13  0:14  Overlord  
  13  0:18  Drone  
  14  0:24  Drone, Extractor  
  15  0:33  Drone  
  16  0:36  Drone  
  17  0:55  Hatchery  
  16  0:58  Drone  
  16  1:00  Drone  
  18  1:04  Extractor  
  18  1:08  Drone  
  18  1:23  Spawning Pool  
  17  1:29  Drone  
  17  1:31  Drone  
  19  1:44  Overlord  
  19  1:52  Drone  
  20  2:06  Drone  
  21  2:10  Queen  
  21  2:11  Queen  
  25  2:15  Metabolic Boost  
  25  2:25  Drone  
  25  2:26  Drone  
  27  2:30  Drone  
  27  2:31  Drone  
  27  2:36  Spine Crawler  
  28  2:44  Spine Crawler  
  28  2:45  Overlord  
  27  2:54  Queen  
  29  3:06  Baneling Nest, Drone  
  29  3:09  Drone  
  30  3:18  Zergling x2  
  31  3:20  Zergling x8  
  31  3:21  Zergling x4  
  31  3:25  Overlord x2  
  37  3:31  Zergling x6  
  40  3:52  Zergling x2  
  41  4:02  Baneling x5  
  41  4:12  Zergling x8  
  41  4:13  Zergling x18  
  43  4:41  Zergling x6  
  43  4:42  Zergling x16  
  48  4:52  Zergling x4  
  43  5:00  Extractor  
  43  5:01  Roach Warren  
  43  5:05  Drone  
  43  5:06  Drone x2  
  44  5:16  Drone x2  
  44  5:18  Drone x3  
  49  5:22  Overlord  
  49  5:44  Roach  
  49  5:45  Roach x5  
  49  5:47  Overlord  
  61  5:50  Roach x2  
  61  5:52  Roach  
  61  5:56  Extractor  
  66  5:57  Roach  
Tags
 
Add a new tag
Caveats
  • Supply blocks, unpowered buildings, or Contaminate may cause inaccurate times.
  • Supply counts are checked every 10 seconds.